 Dungeon Crawl Stone Soup version 0.27-a0-869-g165b36e3f0 (webtiles) character file.

Game seed: 5571762362063370179

24 spiderkeys the Insei (level 3, 0/17 HPs)
             Began as a Vine Stalker Transmuter on Apr 3, 2021.
             Succumbed to an adder's poison
             ... on level 1 of the Dungeon.
             The game lasted 00:01:40 (1391 turns).

spiderkeys the Insei (Vine Stalker Transmuter)      Turns: 1391, Time: 00:01:41

Health: 0/17       AC:  3    Str: 12    XL:     3   Next: 2%
Magic:  0/7        EV: 12    Int: 14    God:
Gold:   52         SH:  0    Dex: 20    Spells: 6/7 levels left

rFire    . . .     SeeInvis .     - Unarmed
rCold    . . .     Faith    .   (no shield)
rNeg     . . .     Spirit   +   a - +0 robe
rPois    .         Reflect  .   (helmet currently unavailable)
rElec    .         Harm     .   e - +0 cloak
rCorr    .         Rampage  .   (no gloves)
Will     .....                  (boots currently unavailable)
Stlth    ++........             (no amulet)
HPRegen  0.05/turn              b - +6 ring of dexterity
MPRegen  0.10/turn              (no ring)

@: lethally poisoned (0 -> -16), appendages (expiring)
A: horns 2, talons 2, fangs 2, magic shield, antimagic bite, no potion heal 2
a: End Transformation


You were on level 1 of the Dungeon.
You had temporarily grown beastly horns and talons.
You visited 1 branch of the dungeon, and saw 2 of its levels.

You collected 52 gold pieces.

Inventory:

Missiles
 g - 19 poisoned darts
Armour
 a - a +0 robe (worn)
 e - a +0 cloak (worn)
Jewellery
 b - a +6 ring of dexterity (left hand)
Scrolls
 c - a scroll of immolation {unknown}
Potions
 d - a potion of heal wounds {unknown}
 f - a potion of degeneration {unknown}


   Skills:
 - Level 0.8 Fighting
 + Level 1.7 Dodging
 + Level 1.0 Stealth
 + Level 3.2 Unarmed Combat
 + Level 2.5 Spellcasting
 * Level 2.5 Transmutations


You had 6 spell levels left.
You knew the following spells:

 Your Spells              Type           Power      Damage    Failure   Level
a - Beastly Appendage     Tmut           16%        N/A       9%          1

Your spell library contained the following spells:

 Spells                   Type           Power      Damage    Failure   Level
 Wereblood                Tmut           8%         N/A       12%         2
 Spider Form              Tmut/Pois      2%         N/A       38%         3
 Ice Form                 Ice/Tmut       5%         N/A       80%         4
 Hydra Form               Tmut           4%         N/A       92%         5


Dungeon Overview and Level Annotations

Branches:
Dungeon (2/15)

Altars:


Innate Abilities, Weirdness & Mutations

You have temporarily grown beastly horns and talons.
You have extremely sharp teeth.
When hurt, damage is shared between your health and your magic reserves.
Your bite disrupts and absorbs the magic of your enemies.
Potions cannot restore your health.


Message History

Your experience leads to an increase in your attributes!
Your base attributes are Str 12, Int 13, Dex 14.
Increase (S)trength, (I)ntelligence, or (D)exterity?
You feel clever.
Your transformation is almost over.
Your horns disappear.
Your talons disappear.
Magic restored.
A frilled lizard, an adder and 2 gnolls come into view.
The gnoll shouts!
A gnoll comes into view. It is wielding a +3 whip of freezing.
The adder moves out of view.
You grow a pair of large bovine horns.
Your feet morph into talons.
The gnoll shouts! x2; You hear an angry hiss.
A gnoll comes into view. It is wielding a +3 flail.
The gnoll moves out of view.
The gnoll hits you from afar with a +3 halberd!
Ouch! That really hurt!
* * * LOW HITPOINT WARNING * * *
The gnoll shouts!
The frilled lizard hisses angrily.
Your transformation is almost over.
The adder bites you.
* * * LOW HITPOINT WARNING * * *
There is a stone staircase leading up here.
The adder bites you.
* * * LOW HITPOINT WARNING * * *
The adder bites you.
* * * LOW HITPOINT WARNING * * *
You climb upwards.
There is a stone staircase leading down here.
You hit the adder.
The adder is moderately wounded.
The adder bites you.
* * * LOW HITPOINT WARNING * * *
You are lethally poisoned!
The adder poisons you!
Okay, then.
You hit the adder.
The adder is severely wounded.
You die...

#.............#.....#####
#.#####.####.............
#.# #..# #..#.....#####
#.# #.## #..##...## #.#
#.# #....#.####### #.#
#.# #............. #)#
#.# ##...##.####..
#.####.######..###.# #.#
#......S@......# #.# #.#
######.#######.# #.# ##.#
#.# #.# #.###... #.# #.#
#.##.### #.#######.#
#.#.#### #.........#
#..## #. ########### #..#
#. ##.## #. ##.####


You could see an adder.

Vanquished Creatures
  2 ball pythons (D:1)
  3 endoplasms
  2 giant cockroaches (D:1)
  2 goblins (D:1)
  4 hobgoblins (D:1)
  2 jackals (D:1)
  2 frilled lizards
  3 rats (D:1)
20 creatures vanquished.

Notes
Turn   | Place    | Note
-------+----------+-------------------------------------------
     0 | D:1      | spiderkeys the Vine Stalker Transmuter began the quest for
                  | the Orb.
     0 | D:1      | Reached XP level 1. HP: 9/9 MP: 4/4
   217 | D:1      | Reached XP level 2. HP: 11/14 MP: 4/6
   466 | D:1      | Found a faded altar of an unknown god.
   671 | D:1      | Reached skill level 1 in Stealth
  1361 | D:2      | Reached XP level 3. HP: 17/17 MP: 5/7
  1391 | D:1      | Succumbed to an adder's poison

Illustrated notes

Levels and vault maps discovered:
D:1:      nzn_arrival_water_spiral, layout_loops_ring, basic_ecumenical_altar,
          minmay_pentomino_s4
D:2:      layout_rooms, basic_altar, serial_shops, nicolae_shop_trees

Skill      XL: |  1  2 |
---------------+-------+-----
Stealth        | 1 |  1.0
Fighting       | |  0.8
Dodging        | |  1.7
Unarmed Combat | |  3.2
Spellcasting   | |  2.5
Transmutations | |  2.5

Action                   || total
-------------------------++-------
Melee: Unarmed           ||    58
       Bite              ||     6
       Kick              ||     9
       Headbutt          ||     3
 Cast: Beastly Appendage ||    15
Armor: Robe              ||     9
Dodge: Dodged            ||    31

Table legend: (Time is in decaauts)
 A = Elapsed time spent in this place.
 B = Non-inter-level travel time spent in this place.
 C = Inter-level travel time spent in this place.
 D = Time resting spent in this place.
 E = Time spent auto-exploring this place.
 F = Levels seen in this place.
 G = Mean time per level.
                   A        B        C        D        E       F      G
               +--------+--------+--------+--------+--------+-----+--------+
         Total |   1392 |   1330 |     62 |      0 |   1165 |   2 |  696.0 |
       Dungeon |   1392 |   1330 |     62 |      0 |   1165 |   2 |  696.0 |
               +--------+--------+--------+--------+--------+-----+--------+

Top non-repeatable levels by time:
     D:1: 1357 daAuts
     D:2: 35 daAuts
